[Event "January 2 Late 2024"]
[Site "https://www.chess.com"]
[Date "2024.01.02"]
[Round "3"]
[White "Popov, Konstantin"]
[Black "Korchynskyi, Mykola"]
[Result "0-1"]
[Board "54"]
[TimeControl "180+1"]
[WhiteFideId "34137910"]
[BlackFideId "34138005"]
[WhiteElo "2917"]
[BlackElo "2572"]
[WhiteTeam "FID"]
[BlackTeam "UKR"]
[WhiteClock "0:00:01"]
[BlackClock "0:00:04"]

1. e4 e6 2. d4 d5 3. Nc3 dxe4 4. Nxe4 Nd7 5. Nf3 Ngf6 6. Bg5 Be7 7. Nxf6+ Bxf6 8. Bxf6 Nxf6 9. Bd3 O-O 10. Qe2 b6 11. O-O-O Bb7 12. Ne5 Qd5 13. Kb1 Rad8 14. f3 c5 15. Bc4 Qd6 16. dxc5 Qxc5 17. Rxd8 Rxd8 18. Nxf7 Kxf7 19. Qxe6+ Kg6 20. Bd3+ Kh6 21. a3 Bc8 22. Qe2 g6 23. g4 Kg7 24. h4 Re8 25. Qd2 Qe3 26. Qc3 Qe5 27. Qd2 Nd5 28. h5 Nf4 29. hxg6 hxg6 30. Be4 Bxg4 31. Qh2 Bh5 32. Rg1 Qf6 33. Qd2 Rd8 34. Qe1 Ne6 35. Qb4 Nc5 36. a4 Nxe4 37. fxe4 Rd1+ 38. Rxd1 Bxd1 39. a5 g5 40. Qd2 Bf3 41. Qd7+ Kh6 42. a6 g4 43. Qxa7 g3 44. Qc7 g2 45. Qh2+ Kg7 46. a7 Bxe4 47. Qg3+ Kh6 48. Qh2+ Kg5 49. Qg3+ Kh5 50. Qh3+ Qh4 51. Qe6 g1=Q+ 52. Ka2 Qg6 53. Qe5+ Kh6 54. Qh8+ Qh7 55. Qf8+ Qg7 56. Qd6+ Qhf6 57. Qh2+ Kg6 58. Qb8 Qff7+ 59. b3 Qxa7+ 60. Qxa7 Qxa7+ 61. Kb2 Bxc2 0-1

[Event "January 2 Late 2024"]
[Site "https://www.chess.com"]
[Date "2024.01.02"]
[Round "3"]
[White "Brodsky, David"]
[Black "Olenik Campa, Rudi"]
[Result "1/2-1/2"]
[Board "55"]
[TimeControl "180+1"]
[WhiteFideId "2073250"]
[BlackFideId "14633264"]
[WhiteElo "2896"]
[BlackElo "2600"]
[WhiteTeam "USA"]
[BlackTeam "SLO"]
[WhiteClock "0:00:05"]
[BlackClock "0:00:17"]

1. e4 e6 2. d4 d5 3. exd5 exd5 4. h3 Bd6 5. Nf3 Ne7 6. c4 dxc4 7. Bxc4 O-O 8. O-O Nd7 9. Nc3 Nb6 10. Bb3 c6 11. Re1 Nbd5 12. Bg5 h6 13. Bh4 Be6 14. Ne4 Re8 15. Nxd6 Qxd6 16. Bg3 Qd8 17. Ne5 Nf5 18. Bh2 Nf6 19. Nf3 Bxb3 20. Qxb3 Rxe1+ 21. Rxe1 Nxd4 22. Nxd4 Qxd4 23. Re7 Nd5 24. Rxb7 Re8 25. Bg3 h5 26. Qf3 Nf6 27. Rb8 Rxb8 28. Bxb8 Qxb2 29. Bxa7 Qxa2 30. Bd4 Qd5 31. Qf4 Qe6 32. Qb8+ Kh7 33. Qf4 Qe4 34. Qd2 Qf5 35. Qc3 Ne4 36. Qxc6 Ng5 37. Be3 Ne6 38. Qc1 Qe4 39. Qd1 Qg6 40. Qf3 Nd8 41. h4 Ne6 42. g3 Qb1+ 43. Kg2 Qg6 44. Qd5 Kg8 45. Qa8+ Kh7 46. Qd5 Kg8 47. Qa8+ Kh7 48. Qd5 1/2-1/2

[Event "January 2 Late 2024"]
[Site "https://www.chess.com"]
[Date "2024.01.02"]
[Round "3"]
[White "Lobanov, Sergei"]
[Black "Roberson, Peter T"]
[Result "0-1"]
[Board "56"]
[TimeControl "180+1"]
[WhiteFideId "24183750"]
[BlackFideId "412384"]
[WhiteElo "2844"]
[BlackElo "2561"]
[WhiteTeam "FID"]
[BlackTeam "ENG"]
[WhiteClock "0:00:02"]
[BlackClock "0:00:03"]

1. d4 Nf6 2. c4 c5 3. d5 e6 4. Nc3 exd5 5. cxd5 d6 6. Nf3 g6 7. e4 Bg7 8. Nd2 O-O 9. Be2 Nbd7 10. O-O Qe7 11. Re1 Ne5 12. h3 g5 13. Nf1 g4 14. hxg4 Bxg4 15. Ng3 Bd7 16. Bg5 h6 17. Bh4 Ng6 18. Bxf6 Qxf6 19. Bg4 Bxg4 20. Qxg4 Ne5 21. Qe2 c4 22. Nf5 Nd3 23. Reb1 Rfe8 24. Qg4 Rad8 25. a4 Qg6 26. Qf3 Be5 27. Ra3 Kh7 28. g3 Rg8 29. Kf1 Rde8 30. Ke2 Qg5 31. Rh1 Rg6 32. Raa1 Nxb2 33. Rh5 Qf6 34. Rah1 Bxc3 35. Rxh6+ Kg8 36. Kf1 Nd3 37. Qh5 Rxe4 38. Rh7 Re1+ 39. Kg2 Rxh1 40. Qxh1 Ne5 41. Rh5 Nd3 42. Kf1 Qe5 43. Qh3 Qe1+ 44. Kg2 Qxf2+ 45. Kh1 Qe1+ 46. Kg2 Qe2+ 47. Kh1 Nf2+ 0-1

[Event "January 2 Late 2024"]
[Site "https://www.chess.com"]
[Date "2024.01.02"]
[Round "3"]
[White "Kochiev, Ivan"]
[Black "Chiu, Isaac"]
[Result "1-0"]
[Board "57"]
[TimeControl "180+1"]
[WhiteFideId "2917890"]
[BlackFideId "30900654"]
[WhiteElo "2544"]
[BlackElo "2779"]
[WhiteTeam "BUL"]
[BlackTeam "USA"]
[WhiteClock "0:00:14"]
[BlackClock "0:00:04"]

1. e4 e6 2. d4 d5 3. Nd2 c5 4. exd5 exd5 5. Ngf3 Nc6 6. Bb5 Qe7+ 7. Qe2 Qxe2+ 8. Kxe2 a6 9. Bxc6+ bxc6 10. dxc5 Bxc5 11. Nb3 Bd6 12. Be3 Ne7 13. Rhe1 O-O 14. Bc5 Bxc5 15. Nxc5 Rb8 16. b3 Nf5 17. Kd3 Rb5 18. Na4 a5 19. Nd4 Nxd4 20. Kxd4 Be6 21. c3 Re8 22. Nc5 Kf8 23. Re3 Bc8 24. Rae1 Rxe3 25. Rxe3 Rb8 26. Nd3 Rb5 27. Ne5 c5+ 28. Kxd5 f6 29. Kc4 Rb8 30. Nc6 Rb7 31. Kxc5 Rc7 32. Kb6 Rb7+ 33. Kxa5 Bd7 34. Nd4 Ra7+ 35. Kb6 Rxa2 36. Kc7 Bg4 37. f3 Bh5 38. g4 Bg6 39. b4 Rxh2 40. b5 Rb2 41. b6 h5 42. gxh5 Bxh5 43. b7 g5 44. b8=Q+ Rxb8 45. Kxb8 Kf7 46. Kc7 Kg6 47. Kd6 f5 48. c4 f4 49. Re6+ Kf7 50. Re5 Kf6 51. c5 g4 52. Rxh5 g3 53. Rh1 1-0

[Event "January 2 Late 2024"]
[Site "https://www.chess.com"]
[Date "2024.01.02"]
[Round "3"]
[White "Tabuenca Mendataurigoitia, Daniel"]
[Black "Samant Aditya S"]
[Result "0-1"]
[Board "58"]
[TimeControl "180+1"]
[WhiteFideId "24563617"]
[BlackFideId "35080580"]
[WhiteElo "2532"]
[BlackElo "2724"]
[WhiteTeam "ESP"]
[BlackTeam "IND"]
[WhiteClock "0:00:00"]
[BlackClock "0:00:13"]

1. Nf3 d6 2. g3 g6 3. Bg2 Bg7 4. O-O e5 5. c4 Nc6 6. Nc3 f5 7. d3 Nf6 8. Rb1 O-O 9. b4 e4 10. Nd2 exd3 11. exd3 Nd4 12. Nb3 Nxb3 13. Qxb3 Kh8 14. Bb2 c6 15. b5 Bd7 16. Rfe1 Ng4 17. Ne2 f4 18. Bxg7+ Kxg7 19. Nxf4 Rxf4 20. gxf4 Qh4 21. Qb2+ Kh6 22. h3 Nf6 23. Re3 Nh5 24. Qd2 Nxf4 25. Re4 g5 26. Rbe1 Rf8 27. R1e3 Rf6 28. Rg3 Bf5 29. Ree3 d5 30. Qb2 Rf7 31. Qe5 Bg6 32. Rxg5 Qxg5 33. Qxg5+ Kxg5 34. cxd5 cxd5 35. d4 Nxg2 36. Kxg2 Rf4 37. Re5+ Kf6 38. Re7 Kxe7 0-1

[Event "January 2 Late 2024"]
[Site "https://www.chess.com"]
[Date "2024.01.02"]
[Round "3"]
[White "Koc, Przemyslaw"]
[Black "Lewtak, Damian"]
[Result "0-1"]
[Board "59"]
[TimeControl "180+1"]
[WhiteFideId "1109081"]
[BlackFideId "1141724"]
[WhiteElo "2517"]
[BlackElo "2722"]
[WhiteTeam "POL"]
[BlackTeam "POL"]
[WhiteClock "0:00:10"]
[BlackClock "0:00:18"]

1. d4 Nf6 2. Bg5 g6 3. Bxf6 exf6 4. c4 Bg7 5. Nc3 O-O 6. g3 d6 7. Bg2 Nc6 8. e3 h5 9. h4 Re8 10. Nge2 Bg4 11. O-O Rb8 12. Qd2 Ne7 13. b4 g5 14. Nd5 Ng6 15. hxg5 fxg5 16. b5 h4 17. gxh4 Nxh4 18. Ng3 Nf3+ 19. Bxf3 Bxf3 20. e4 c6 21. Ne3 Bxe4 22. Nef5 Qf6 23. Nxg7 Qxg7 24. Rfe1 Bf3 25. Qd3 g4 26. Qf5 Qg6 27. Qf4 Kh7 28. Rad1 Rh8 29. Re7 Kg8 30. Rde1 Rf8 31. bxc6 bxc6 32. c5 dxc5 33. dxc5 Qh6 34. Qxh6 Rxh6 35. Rxa7 Kg7 36. Rae7 Rfh8 37. Re8 Rh1+ 0-1

[Event "January 2 Late 2024"]
[Site "https://www.chess.com"]
[Date "2024.01.02"]
[Round "3"]
[White "Tikhonov, Viacheslav"]
[Black "Bardyk, Artem"]
[Result "0-1"]
[Board "60"]
[TimeControl "180+1"]
[WhiteFideId "44196407"]
[BlackFideId "34349979"]
[WhiteElo "2487"]
[BlackElo "2715"]
[WhiteTeam "RUS"]
[BlackTeam "RUS"]
[WhiteClock "0:00:14"]
[BlackClock "0:00:03"]

1. d4 d5 2. c4 e6 3. Nf3 Nf6 4. g3 dxc4 5. Bg2 Nbd7 6. O-O c6 7. a4 a5 8. Nfd2 Nb6 9. e3 Bb4 10. Qc2 O-O 11. Nxc4 Nxc4 12. Qxc4 Bd7 13. Bd2 Bxd2 14. Nxd2 Nd5 15. Ne4 Qb6 16. Nc5 Rfd8 17. Qb3 Qxb3 18. Nxb3 Nb4 19. Nc5 Rab8 20. Rac1 Kf8 21. Rc4 Ke7 22. Nb3 b6 23. Rfc1 e5 24. dxe5 Be6 25. Rxb4 axb4 26. Nd4 Bd7 27. Nxc6+ Bxc6 28. Rxc6 Rbc8 29. Rxc8 Rxc8 30. Bd5 Rc2 31. b3 f6 32. e6 f5 33. f3 Rc3 34. Kf2 g5 35. h4 g4 36. fxg4 fxg4 37. Ke2 Rc2+ 38. Kd3 Rh2 39. Ke4 Rf2 40. Ke5 Rf3 41. Be4 Rxg3 42. Kf4 Rg1 43. Bxh7 g3 44. Kf3 Kxe6 45. Bd3 Ke5 46. Bc4 g2 47. Bg8 Rh1 48. Kxg2 Rxh4 49. Kf3 Rh3+ 50. Ke2 Ke4 51. Kd2 Rh2+ 52. Kc1 Kxe3 53. Bc4 Kd4 54. Kd1 Kc3 55. Kc1 Rh1+ 0-1

[Event "January 2 Late 2024"]
[Site "https://www.chess.com"]
[Date "2024.01.02"]
[Round "3"]
[White "Gallegos Diaz, Carlos Alberto"]
[Black "Makridis, Dimitrios"]
[Result "0-1"]
[Board "61"]
[TimeControl "180+1"]
[WhiteFideId "3900886"]
[BlackFideId "25864475"]
[WhiteElo "2405"]
[BlackElo "2713"]
[WhiteTeam "VEN"]
[BlackTeam "GRE"]
[WhiteClock "0:00:08"]
[BlackClock "0:01:22"]

1. e4 c5 2. Nc3 a6 3. g3 b5 4. Bg2 Bb7 5. Nge2 e6 6. O-O b4 7. Na4 Nf6 8. d3 d5 9. Bg5 Be7 10. Bxf6 gxf6 11. d4 dxe4 12. Nxc5 Bxc5 13. dxc5 Nd7 14. Qd4 Qc7 15. Qxb4 Nxc5 16. Nc3 f5 17. Na4 Nxa4 18. Qxa4+ Bc6 19. Qc4 Qb7 20. Rad1 O-O 21. Qc3 Bb5 22. Rfe1 Qe7 23. Qe5 Rac8 24. c3 Bd3 25. f3 exf3 26. Bxf3 Rfd8 27. g4 Rc5 28. Qg3 fxg4 29. Bxg4 Bg6 30. h4 h5 31. Bf3 Kh7 32. Rxd8 Qxd8 33. Qf4 Rf5 34. Qg3 Qb6+ 35. Kg2 Qxb2+ 36. Re2 Qxc3 37. Be4 Qxg3+ 38. Kxg3 Ra5 39. Bxg6+ Kxg6 40. Rb2 Ra3+ 41. Kg2 a5 42. Rf2 f5 43. Rb2 e5 44. Rb6+ Kf7 45. Rb7+ Ke6 46. Rb6+ Kd5 47. Rh6 Rxa2+ 48. Kf1 Ke4 49. Rxh5 f4 50. Rh8 Kf3 51. Ke1 e4 0-1

[Event "January 2 Late 2024"]
[Site "https://www.chess.com"]
[Date "2024.01.02"]
[Round "3"]
[White "Ankerst, Mihael"]
[Black "Syaputra, Arifa Rizki"]
[Result "1-0"]
[Board "62"]
[TimeControl "180+1"]
[WhiteFideId "14602369"]
[BlackFideId "7105100"]
[WhiteElo "2360"]
[BlackElo "2710"]
[WhiteTeam "SLO"]
[BlackTeam "INA"]
[WhiteClock "0:00:14"]
[BlackClock "0:00:05"]

1. e4 e5 2. Nf3 Nc6 3. Nc3 g6 4. d4 exd4 5. Nd5 h6 6. Nxd4 a6 7. Nxc6 dxc6 8. Qd4 Rh7 9. Qe5+ Kd7 10. Nc3 Qf6 11. Qg3 Bd6 12. f4 Be7 13. Qd3+ Ke8 14. Be3 Bg4 15. h3 Rd8 16. Qc4 Be6 17. Qa4 Qh4+ 18. Ke2 Nf6 19. Kf3 Nh5 20. Ne2 f5 21. g3 fxe4+ 22. Qxe4 Qf6 23. Nc3 Rf7 24. Bc4 Bxc4 25. Qxc4 Ng7 26. Kg2 Nf5 27. Qe2 Qe6 28. Rhe1 Kf8 29. Bf2 Qxe2 30. Rxe2 Bf6 31. Ne4 b6 32. Nxf6 Rxf6 33. Rae1 Rf7 34. Re6 Rd6 35. g4 Ng7 36. R6e4 Kg8 37. Kg3 Rd2 38. R1e2 Rxe2 39. Rxe2 Kf8 40. Bd4 Ne8 41. Be5 Re7 42. Rd2 Kf7 43. Rd8 Nf6 44. Rc8 Nd5 45. c4 Nb4 46. a3 Nd3 47. Bxc7 b5 48. cxb5 axb5 49. b4 Re3+ 50. Kg2 Re2+ 51. Kf3 Rc2 52. Ke4 Nb2 53. Be5 Rc4+ 54. Ke3 Nd1+ 55. Kd2 Nf2 56. Rc7+ Ke6 57. Ke3 Nxh3 58. Rh7 h5 59. Rh6 hxg4 60. Rxg6+ Kf5 61. Rf6# 1-0

[Event "January 2 Late 2024"]
[Site "https://www.chess.com"]
[Date "2024.01.02"]
[Round "3"]
[White "Rosen, Eric"]
[Black "Mazzilli, Piero"]
[Result "1-0"]
[Board "63"]
[TimeControl "180+1"]
[WhiteFideId "2032562"]
[BlackFideId "807087"]
[WhiteElo "2675"]
[BlackElo "2337"]
[WhiteTeam "USA"]
[BlackTeam "ITA"]
[WhiteClock "0:01:08"]
[BlackClock "0:00:00"]

1. e4 c5 2. d4 cxd4 3. c3 d5 4. exd5 Qxd5 5. cxd4 Nc6 6. Nf3 e6 7. Nc3 Qd6 8. Bd3 Nf6 9. O-O Be7 10. a3 a6 11. Re1 O-O 12. Bg5 Rd8 13. Ne4 Nxe4 14. Bxe4 Bxg5 15. Nxg5 g6 16. Qf3 f5 17. Bxc6 bxc6 18. Rac1 Rb8 19. b4 Qxd4 20. Qxc6 Rb6 21. Qc7 Rb7 22. Qxc8 Rxc8 23. Rxc8+ Kg7 24. Nxe6+ Kf6 25. Nxd4 1-0

[Event "January 2 Late 2024"]
[Site "https://www.chess.com"]
[Date "2024.01.02"]
[Round "3"]
[White "Jakubowski, Krzysztof"]
[Black "Ardila, Oscar Humberto"]
[Result "1-0"]
[Board "64"]
[TimeControl "180+1"]
[WhiteFideId "1112848"]
[BlackFideId "4404742"]
[WhiteElo "2659"]
[BlackElo "2325"]
[WhiteTeam "POL"]
[BlackTeam "COL"]
[WhiteClock "0:00:34"]
[BlackClock "0:00:08"]

1. e4 e5 2. Nf3 Nf6 3. Nc3 Nc6 4. g3 Bc5 5. Bg2 d6 6. h3 a6 7. O-O O-O 8. d3 h6 9. Nh4 Qe7 10. Kh2 g5 11. Nf5 Bxf5 12. exf5 Rad8 13. Nd5 Nxd5 14. Bxd5 Rb8 15. c3 Qf6 16. Be4 Ne7 17. g4 d5 18. Bg2 Bd6 19. Kg1 c6 20. a4 Rfe8 21. a5 Kg7 22. Bd2 Ng8 23. Re1 Qd8 24. c4 d4 25. b4 Nf6 26. Bf3 Qe7 27. Qb3 Bc7 28. Kg2 Qd6 29. Be4 Rh8 30. b5 c5 31. Rh1 Nxe4 32. dxe4 Bd8 33. Rab1 Bf6 34. Qf3 Rhd8 35. Rb3 axb5 36. Rxb5 Qc6 37. Rhb1 Qc7 38. Qb3 Qc6 39. Kf3 Rd7 40. Rb6 Qc7 41. a6 Rdd8 42. Rxb7 Rxb7 43. axb7 Rb8 44. Qb6 Qd7 45. Qb5 Qc7 46. Qb6 Bd8 47. Qxc7 Bxc7 48. Rb5 Bd6 49. Ba5 Kf8 50. Bb6 Ke7 51. Ba7 Rd8 52. b8=Q Bxb8 53. Bxb8 d3 54. Bc7 d2 55. Bxd8+ Kxd8 56. Rb1 Kc7 57. Rd1 Kb6 58. Rxd2 Ka5 59. Rb2 Ka4 60. Rb5 Ka3 61. Ke3 f6 62. Kd3 Ka2 63. Kc3 Ka3 64. Ra5# 1-0

[Event "January 2 Late 2024"]
[Site "https://www.chess.com"]
[Date "2024.01.02"]
[Round "3"]
[White "Fernandez Hernandez, Gerardo"]
[Black "Palchuk, Andrii"]
[Result "1-0"]
[Board "65"]
[TimeControl "180+1"]
[WhiteFideId "2207400"]
[BlackFideId "14176688"]
[WhiteElo "2325"]
[BlackElo "2650"]
[WhiteTeam "ESP"]
[BlackTeam "UKR"]
[WhiteClock "0:00:04"]
[BlackClock "0:00:00"]

1. e4 c5 2. d3 Nc6 3. g3 g6 4. Bg2 Bg7 5. f4 Rb8 6. a4 d6 7. Nf3 Nf6 8. O-O a6 9. h3 O-O 10. g4 b5 11. axb5 axb5 12. f5 b4 13. Nbd2 Nd7 14. Nc4 Nb6 15. Ne3 Nd4 16. Kh1 e6 17. Nxd4 cxd4 18. Nc4 Nxc4 19. dxc4 Kh8 20. Bf4 exf5 21. exf5 gxf5 22. g5 Bb7 23. Bxb7 Rxb7 24. Qd3 Qc8 25. Bxd6 Qc6+ 26. Qf3 Qxd6 27. Qxb7 d3 28. cxd3 Bxb2 29. Ra8 Rxa8 30. Qxa8+ Kg7 31. Qg2 Qxd3 32. Qxb2+ Kg8 33. Qg2 b3 34. Rf2 f4 35. Rxf4 Qd1+ 36. Kh2 Qc1 37. Rf2 Qxc4 38. Rd2 Qf4+ 39. Kh1 Qe3 40. Qa8+ Kg7 41. Qg2 Qe1+ 42. Kh2 Qe5+ 43. Qg3 Qa5 44. Rb2 Kg6 45. Qd3+ Kxg5 46. Qxb3 h5 47. Qb5+ Qxb5 48. Rxb5+ f5 49. Kg3 h4+ 50. Kf3 1-0

[Event "January 2 Late 2024"]
[Site "https://www.chess.com"]
[Date "2024.01.02"]
[Round "3"]
[White "CamillaEffect"]
[Black "Rodriguez Avila, Alvaro"]
[Result "1-0"]
[Board "66"]
[TimeControl "180+1"]
[BlackFideId "24570249"]
[WhiteElo "2626"]
[BlackElo "2306"]
[BlackTeam "ESP"]
[WhiteClock "0:00:03"]
[BlackClock "0:00:03"]

1. e4 c6 2. d4 d6 3. c4 g6 4. Nc3 Bg7 5. f4 e5 6. Nf3 Bg4 7. dxe5 Bxf3 8. Qxf3 dxe5 9. f5 Nd7 10. Be3 Ngf6 11. Be2 Qe7 12. O-O O-O 13. g4 Qb4 14. g5 Nh5 15. f6 Bh8 16. Rad1 Rad8 17. Rd2 Nc5 18. a3 Qb3 19. Rxd8 Rxd8 20. Bxc5 Nf4 21. Rd1 Rxd1+ 22. Nxd1 Qc2 23. Kf1 h6 24. h4 hxg5 25. hxg5 b6 26. Bd6 Ne6 27. Qe3 a6 28. Bxe5 b5 29. cxb5 axb5 30. Bg3 c5 31. Be1 Nd4 32. Qd3 Qc1 33. Bf2 Ne6 34. Be3 Qa1 35. Qd7 b4 36. Qe8+ Kh7 37. Qxf7+ Ng7 38. fxg7 Bxg7 39. Bxc5 Qc1 40. Bf8 Qf4+ 41. Qxf4 1-0

[Event "January 2 Late 2024"]
[Site "https://www.chess.com"]
[Date "2024.01.02"]
[Round "3"]
[White "Jing, Andrew"]
[Black "Silva, Caio Henrique Angelico"]
[Result "1-0"]
[Board "67"]
[TimeControl "180+1"]
[WhiteFideId "30984076"]
[BlackFideId "22777210"]
[WhiteElo "2146"]
[BlackElo "2609"]
[WhiteTeam "USA"]
[BlackTeam "BRA"]
[WhiteClock "0:00:39"]
[BlackClock "0:00:00"]

1. d4 Nf6 2. c4 g6 3. g3 Bg7 4. Bg2 O-O 5. Nf3 d5 6. cxd5 Nxd5 7. O-O Nb6 8. Nc3 Nc6 9. e3 e5 10. dxe5 Nxe5 11. Nxe5 Bxe5 12. Qc2 Bf5 13. e4 Be6 14. b3 c6 15. Bb2 Qe7 16. Rad1 Rad8 17. Ne2 Bg4 18. f3 Bc8 19. Bxe5 Qxe5 20. f4 Qe7 21. h3 Rxd1 22. Rxd1 Rd8 23. Kh2 Be6 24. Rd3 Nd7 25. Qd2 Kf8 26. Nd4 Nc5 27. Nxe6+ Nxe6 28. Qc3 Kg8 29. Rxd8+ Qxd8 30. f5 Qd4 31. Qa5 Ng7 32. fxg6 hxg6 33. Qc7 Nh5 34. Qxb7 Qe5 35. Qc8+ Kg7 36. Qg4 Kh6 37. Qf3 Kg7 38. Qe3 c5 39. h4 a5 40. a4 Kf6 41. Bf1 Kg7 42. Bc4 Nf6 43. Kh3 Nxe4 44. Bd3 Qe6+ 45. Kh2 Nf6 46. Qxc5 Ng4+ 47. Kg2 Ne3+ 48. Kf3 Nd5 49. Qd4+ Kg8 50. Be4 Nb4 51. Qd8+ Kg7 52. Qxa5 Qxb3+ 53. Kg2 Qb2+ 54. Kh3 Qd4 55. Bf3 Nd3 56. Qb5 Ne5 57. Bg2 Qg4+ 58. Kh2 Nf3+ 59. Bxf3 Qxf3 60. Qe5+ Kh7 61. Qb2 Qa8 62. Qa2 Qa5 63. Qxf7+ 1-0

[Event "January 2 Late 2024"]
[Site "https://www.chess.com"]
[Date "2024.01.02"]
[Round "3"]
[White "Aronian, Levon"]
[Black "Tagliati, Eleonore"]
[Result "1-0"]
[Board "68"]
[TimeControl "180+1"]
[WhiteFideId "13300474"]
[BlackFideId "45172234"]
[WhiteElo "3102"]
[BlackElo "2202"]
[WhiteTeam "USA"]
[BlackTeam "FRA"]
[WhiteClock "0:01:34"]
[BlackClock "0:00:03"]

1. e4 c5 2. Nf3 Nc6 3. Bb5 e6 4. Bxc6 bxc6 5. d3 Ne7 6. Qe2 f6 7. h4 e5 8. h5 h6 9. Nh4 d6 10. Nc3 Be6 11. f4 Rb8 12. b3 Bf7 13. Bd2 Qc7 14. g4 d5 15. O-O d4 16. Na4 Rb5 17. fxe5 Qxe5 18. Bf4 Qe6 19. Rae1 g5 20. hxg6 Nxg6 21. Nf5 Ne5 22. Kh1 Rg8 23. Rg1 Rg6 24. Ref1 Kd7 25. Nb2 Ke8 26. Nc4 Nxc4 27. bxc4 Rb7 28. Rb1 Qd7 29. e5 fxe5 30. Qxe5+ Re6 31. Qh8 Rxb1 32. Rxb1 Rg6 33. Rb8+ Qd8 34. Rxd8+ 1-0

[Event "January 2 Late 2024"]
[Site "https://www.chess.com"]
[Date "2024.01.02"]
[Round "3"]
[White "Xiong, Jeffery"]
[Black "Jaiveer Mahendru"]
[Result "1-0"]
[Board "69"]
[TimeControl "180+1"]
[WhiteFideId "2047640"]
[BlackFideId "25611151"]
[WhiteElo "3012"]
[BlackElo "2510"]
[WhiteTeam "USA"]
[BlackTeam "IND"]
[WhiteClock "0:02:21"]
[BlackClock "0:00:05"]

1. d4 Nf6 2. Nf3 g6 3. Nbd2 Bg7 4. e4 d6 5. Bd3 O-O 6. O-O Nc6 7. c3 e5 8. dxe5 dxe5 9. Nc4 Qe7 10. Qe2 Rd8 11. Bg5 h6 12. Bh4 g5 13. Bg3 Nh5 14. Rfd1 Bg4 15. h3 Nxg3 16. fxg3 Be6 17. Ne3 Rd7 18. Bc4 Rad8 19. Bxe6 fxe6 20. Rxd7 Rxd7 21. Rd1 Rxd1+ 22. Qxd1 Qc5 23. Kf2 Qb6 24. Qb3 Kf7 25. Ke2 Qa6+ 26. Qc4 Qb6 27. b4 a6 28. a4 Bf6 29. Nf5 h5 30. g4 h4 31. a5 Qb5 32. Qxb5 axb5 33. Ne3 Na7 34. c4 Ke7 35. cxb5 Nxb5 36. Nc4 Nd4+ 37. Nxd4 exd4 38. b5 Kd7 39. e5 Be7 40. Kd3 Bc5 41. Nd2 Bb4 42. Nb3 c5 43. bxc6+ Kxc6 44. Kc4 Bc3 45. Nc5 Bd2 46. Nxe6 Bxa5 47. Nxg5 Bc3 48. Nf3 b5+ 49. Kd3 Kd5 50. g5 b4 51. g6 Ke6 52. Nxd4+ Kxe5 53. g7 Bxd4 54. g8=Q 1-0

[Event "January 2 Late 2024"]
[Site "https://www.chess.com"]
[Date "2024.01.02"]
[Round "3"]
[White "Iturrizaga Bonelli, Eduardo"]
[Black "Shuvalov, Evgenij"]
[Result "1-0"]
[Board "70"]
[TimeControl "180+1"]
[WhiteFideId "3901211"]
[BlackFideId "4187237"]
[WhiteElo "2971"]
[BlackElo "2506"]
[WhiteTeam "ESP"]
[BlackTeam "FID"]
[WhiteClock "0:00:36"]
[BlackClock "0:00:00"]

1. c4 Nf6 2. g3 c6 3. Nf3 d5 4. b3 g6 5. Bb2 Bg7 6. Bg2 Qb6 7. Qc2 O-O 8. O-O Nbd7 9. Nc3 a5 10. d4 Qa6 11. Ne5 Nxe5 12. dxe5 Ng4 13. cxd5 Nxe5 14. dxc6 bxc6 15. Rac1 Bf5 16. Be4 Bh3 17. Rfd1 Rad8 18. Na4 Rd6 19. Rxd6 exd6 20. Bg2 Bxg2 21. Kxg2 c5 22. Rd1 Qc6+ 23. Kg1 Re8 24. Nc3 c4 25. Nd5 cxb3 26. Qxb3 Qc4 27. Qxc4 Nxc4 28. Bxg7 Kxg7 29. e3 Rb8 30. Nc3 Rb2 31. Rd4 Ne5 32. Rxd6 Rc2 33. Ne4 Rxa2 34. Rd5 Nf3+ 35. Kg2 Ne1+ 36. Kf1 Nf3 37. h4 a4 38. Rd7 a3 39. Kg2 Ne5 40. Ra7 h6 41. Nd6 Kf6 42. Ra6 Ke7 43. Nb5 Nc4 44. Kf3 Nd2+ 45. Kf4 Nc4 46. f3 Ra1 47. e4 a2 48. Nc3 Rc1 49. Nd5+ Kd7 50. Rxa2 Rf1 51. Ra7+ Ke8 52. e5 Nd2 53. Nf6+ Kd8 54. Rd7+ Kc8 55. Rxd2 1-0

[Event "January 2 Late 2024"]
[Site "https://www.chess.com"]
[Date "2024.01.02"]
[Round "3"]
[White "Salem, A.R. Saleh"]
[Black "Goncalves, Davi Sulzbacher"]
[Result "1-0"]
[Board "71"]
[TimeControl "180+1"]
[WhiteFideId "9301348"]
[BlackFideId "2154510"]
[WhiteElo "2963"]
[BlackElo "2505"]
[WhiteTeam "UAE"]
[BlackTeam "BRA"]
[WhiteClock "0:00:09"]
[BlackClock "0:00:00"]

1. d4 Nf6 2. c4 g6 3. Nf3 Bg7 4. e3 O-O 5. Be2 d5 6. cxd5 Nxd5 7. e4 Nb6 8. h3 c5 9. d5 e6 10. d6 Nc6 11. Bg5 f6 12. Be3 Nd7 13. Nc3 b6 14. h4 f5 15. h5 f4 16. Bc1 Nde5 17. hxg6 hxg6 18. Nb5 Nxf3+ 19. Bxf3 Nd4 20. Nxd4 Bxd4 21. e5 Ba6 22. Be4 Qg5 23. Qf3 Qxe5 24. Kd1 Qxd6 25. Kc2 Rad8 26. Rh6 Bg7 27. Rxg6 Qd4 28. a4 Bc4 29. Ra3 Qe5 30. Rxg7+ Qxg7 31. Qh5 Rd4 32. Bg6 Rfd8 33. Rh3 Bd3+ 34. Bxd3 Rxd3 35. Rxd3 Rxd3 36. Qe8+ Kh7 37. Qh5+ Kg8 38. Kxd3 Qd4+ 39. Kc2 Qxa4+ 40. b3 Qe4+ 41. Kb2 Qe2+ 42. Qxe2 1-0

[Event "January 2 Late 2024"]
[Site "https://www.chess.com"]
[Date "2024.01.02"]
[Round "3"]
[White "xakevicius91"]
[Black "Grigoriants, Sergey"]
[Result "1-0"]
[Board "72"]
[TimeControl "180+1"]
[BlackFideId "4130804"]
[WhiteElo "2505"]
[BlackElo "2948"]
[BlackTeam "HUN"]
[WhiteClock "0:00:02"]
[BlackClock "0:00:00"]

1. e4 e6 2. d4 d5 3. Nd2 Be7 4. Ngf3 Nf6 5. e5 Nfd7 6. Bd3 c5 7. c3 Nc6 8. O-O g5 9. dxc5 g4 10. Nd4 Ncxe5 11. Bc2 Nxc5 12. Qe2 Bf6 13. f4 Nc6 14. Nxc6 bxc6 15. Qxg4 h5 16. Qf3 Ba6 17. Re1 Qb6 18. Kh1 O-O-O 19. b4 Nd7 20. Nb3 h4 21. Be3 Qc7 22. Bd4 Bc4 23. Nc5 Bxd4 24. cxd4 Nxc5 25. bxc5 Kb7 26. f5 Rde8 27. Re5 h3 28. g3 Qa5 29. Qe3 Ka8 30. fxe6 fxe6 31. Rxe6 Rxe6 32. Qxe6 Bb5 33. Qe3 Rf8 34. Kg1 Qb4 35. Bb3 a5 36. a4 Ba6 37. Re1 Rb8 38. Bc2 Qb2 39. Qd2 Rf8 40. g4 Qa3 41. Rf1 Qf3 42. Rxf3 Rxf3 43. Qf2 Rxf2 44. Kxf2 Bd3 45. Bxd3 1-0

[Event "January 2 Late 2024"]
[Site "https://www.chess.com"]
[Date "2024.01.02"]
[Round "3"]
[White "Makaraci, Tunahan"]
[Black "Santos Latasa, Jaime"]
[Result "1-0"]
[Board "73"]
[TimeControl "180+1"]
[WhiteFideId "6356559"]
[BlackFideId "2293307"]
[WhiteElo "2504"]
[BlackElo "2922"]
[WhiteTeam "TUR"]
[BlackTeam "ESP"]
[WhiteClock "0:00:09"]
[BlackClock "0:00:19"]

1. e4 c5 2. c3 Nf6 3. e5 Nd5 4. Nf3 Nc6 5. Bc4 Nb6 6. Bb3 d5 7. exd6 Qxd6 8. O-O c4 9. Bc2 Bg4 10. Re1 e6 11. Qe2 Qd5 12. Be4 Qc5 13. b4 cxb3 14. axb3 Be7 15. Ba3 Qh5 16. Bxe7 Kxe7 17. h3 Bxf3 18. Bxf3 Qc5 19. d4 Qd6 20. Nd2 Rhd8 21. Ne4 Qc7 22. Nc5 Nd7 23. Nxd7 Rxd7 24. d5 Nd8 25. dxe6 Nxe6 26. Bg4 Rd6 27. Qe5 Kf8 28. Bxe6 fxe6 29. Ra4 Kg8 30. Rh4 Rc8 31. c4 Rb6 32. Qe4 g6 33. Rf4 Rd8 34. Rf6 Re8 35. Qg4 Qe7 36. Qg5 e5 37. Rf5 Qxg5 38. Rxg5 Rxb3 39. Rgxe5 Rxe5 40. Rxe5 Kf7 41. Rc5 Kf6 42. Rc7 a5 43. Rxh7 a4 44. Rh8 a3 45. Ra8 Ke5 46. Kh2 Kd4 47. g4 Kxc4 48. h4 Kc3 49. h5 Kb2 50. h6 b5 51. h7 b4 52. h8=Q+ Rc3 53. Rb8 b3 54. Rc8 1-0

[Event "January 2 Late 2024"]
[Site "https://www.chess.com"]
[Date "2024.01.02"]
[Round "3"]
[White "N_Mullodzhanov"]
[Black "Kovalev, Vladislav"]
[Result "0-1"]
[Board "74"]
[TimeControl "180+1"]
[BlackFideId "13504398"]
[WhiteElo "2503"]
[BlackElo "2920"]
[BlackTeam "FID"]
[WhiteClock "0:01:46"]
[BlackClock "0:01:19"]

1. e4 e5 2. Nf3 Nc6 3. Bc4 Bc5 4. c3 Nf6 5. d4 exd4 6. cxd4 Bb4+ 7. Nc3 Nxe4 8. O-O Bxc3 9. bxc3 d5 10. Bd3 O-O 11. Re1 Nxc3 12. Bxh7+ Kxh7 13. Ng5+ Qxg5 14. Qc2+ Qg6 15. Qxc3 Bf5 16. Bf4 Rae8 17. Bxc7 Re4 18. Re3 Rfe8 19. Rg3 Rg4 20. Rh3+ Kg8 21. Rg3 Nxd4 22. Rxg4 Ne2+ 23. Kh1 Nxc3 24. Rxg6 Bxg6 25. Rc1 Nxa2 26. Ra1 Nc3 27. h4 d4 28. Rxa7 Nb5 29. Rxb7 Nxc7 30. Rxc7 Re4 31. g3 Re1+ 32. Kg2 Be4+ 33. Kh3 f5 34. g4 f4 35. g5 Bf3 36. Rc8+ Kh7 37. g6+ Kxg6 38. Rc6+ Kh7 39. Rh6+ gxh6 40. h5 Rh1# 0-1